 Dungeon Crawl Stone Soup version 0.28-a0-1114-g8eb0198dcf (webtiles) character file.

Game seed: 5054262383311251834

62 Garessta the Sneak (level 3, -1/24 HPs)
             Began as a Vampire Enchanter on Dec 11, 2021.
             Killed from afar by Sigmund (7 damage)
             ... with a magic dart
             ... on level 2 of the Dungeon.
             The game lasted 00:02:14 (1864 turns).

Garessta the Sneak (Vampire Enchanter)              Turns: 1864, Time: 00:02:14

Health: -1/24      AC:  2    Str:  7    XL:     3   Next: 85%
Magic:  1/6        EV: 13    Int: 17    God:
Gold:   63         SH:  0    Dex: 16    Spells: 4/6 levels left

rFire   . . .      SeeInvis +   e - +0 dagger (venom)
rCold   . . .      Faith    .   (no shield)
rNeg    . . .      Spirit   .   b - +0 robe
rPois   .          Reflect  .   (no helmet)
rElec   .          Harm     .   (no cloak)
rCorr   .          Rampage  .   (no gloves)
Will    .....                   (no boots)
Stlth   +++.......              (no amulet)
HPRegen 0.28/turn               (no ring)
MPRegen 0.10/turn               (no ring)

@: healing quickly
A: alive, fangs 3, see invisible, vampiric 2
a: Exsanguinate


You were on level 2 of the Dungeon.
You visited 1 branch of the dungeon, and saw 2 of its levels.

You collected 63 gold pieces.

Inventory:

Hand Weapons
 a - a +1 dagger
 e - a +0 dagger of venom (weapon)
Armour
 b - a +0 robe (worn)
Potions
 c - 2 potions of invisibility
 d - a potion of haste {unknown}


   Skills:
 + Level 2.0 Short Blades
 + Level 2.8 Dodging
 + Level 5.1 Stealth
 + Level 2.4 Spellcasting
 + Level 5.0 Hexes


You had 4 spell levels left.
You knew the following spells:

 Your Spells              Type           Power      Damage    Failure   Level
a - Ensorcelled Hibernat  Hex/Ice        20%        N/A       10%         2

Your spell library contained the following spells:

 Spells                   Type           Power      Damage    Failure   Level
 Confusing Touch          Hex            19%        N/A       7%          3
 Tukima's Dance           Hex            19%        N/A       7%          3
 Dazzling Flash           Conj/Hex       20%        N/A       21%         3


Dungeon Overview and Level Annotations

Branches:
Dungeon (2/15)

Altars:

Annotations:
D:2 Sigmund


Innate Abilities, Weirdness & Mutations

Your natural rate of healing is accelerated.
You have razor-sharp teeth.
You have supernaturally acute eyesight. (SInv)
You are afflicted with vampirism and can become a bat while bloodless.


Message History

Sigmund says, "Don't worry, I'll kill you fast."
Casting: Ensorcelled Hibernation (safe; 10% risk of failure)
Confirm with . or Enter, or press ? or * to list all spells.
Aiming: Ensorcelled Hibernation (safe; 10% risk of failure)
Press: ? - help, Shift-Dir - straight line, f/p - gnoll
Aim: a gnoll, wielding a +0 spear (chance to affect: 50%)
The gnoll resists with some effort.
Casting: Ensorcelled Hibernation (safe; 10% risk of failure)
Confirm with . or Enter, or press ? or * to list all spells.
You don't know that spell.
Unknown command.
Unknown command.
Casting: Ensorcelled Hibernation (safe; 10% risk of failure)
Confirm with . or Enter, or press ? or * to list all spells.
Aiming: Ensorcelled Hibernation (safe; 10% risk of failure)
Press: ? - help, Shift-Dir - straight line, f/p - gnoll
Aim: a gnoll, wielding a +0 spear (chance to affect: 50%)
You miscast Ensorcelled Hibernation.
You are very lightly contaminated with residual magic.
Nothing appears to happen.
The gnoll barely misses you.
Your magical contamination has completely faded away.
Aiming: Ensorcelled Hibernation (safe; 10% risk of failure)
Press: ? - help, Q - select action Shift-Dir - straight line, f/p - gnoll
Aim: a gnoll, wielding a +0 spear (chance to affect: 50%)
The gnoll looks drowsy...
Sigmund mumbles some strange words.
Sigmund flickers and vanishes for a moment.
The helpless gnoll fails to defend itself.
You impale the gnoll!!
You kill the gnoll!
Sigmund points at you and mumbles some strange words.
The magic dart hits you!
Your Short Blades skill increases to level 2!
Sigmund zaps a wand.
The puff of flame hits you!
* * * LOW HITPOINT WARNING * * *
Sigmund whispers, "You'll know eternity soon."
Sigmund zaps a wand.
The puff of flame misses you. Sigmund casts a spell at you.
The magic dart hits you!
You die...

####.# ####### #.# #.# #.# #.#
#@# #.#
#.############################
#.).....@....@................
##############################


You could see Sigmund (invisible).

Vanquished Creatures
  An adder (D:2)
  A gnoll (D:2)
  A worm (D:2)
  3 ball pythons
  4 endoplasms
  2 giant cockroaches (D:1)
  5 goblins
  2 hobgoblins
  A quokka (D:2)
  7 bats
  2 frilled lizards (D:1)
  2 kobolds (D:1)
  6 rats
37 creatures vanquished.

Notes
Turn   | Place    | Note
-------+----------+-------------------------------------------
     0 | D:1      | Garessta the Vampire Enchanter began the quest for the Orb.
     0 | D:1      | Reached XP level 1. HP: 13/13 MP: 3/3
   417 | D:1      | Reached XP level 2. HP: 15/19 MP: 5/5
   420 | D:1      | Learned a level 2 spell: Ensorcelled Hibernation
  1358 | D:2      | Gained mutation: You are afflicted with vampirism and can
                  | become a bat while bloodless. [Vampire growth]
  1358 | D:2      | Reached XP level 3. HP: 15/24 MP: 6/6
  1571 | D:2      | Reached skill level 5 in Stealth
  1796 | D:2      | Reached skill level 5 in Hexes
  1806 | D:2      | Noticed Sigmund
  1864 | D:2      | Killed from afar by Sigmund

Illustrated notes

Levels and vault maps discovered:
D:1:      heliophobic_arrival_enchanted_forest, layout_basic, eino_curves_01,
          minmay_misc_feat_alley, minmay_ruptured
D:2:      layout_basic, kennysheep_generic_room_2, uniq_sigmund

Skill      XL: |  1  2  3 |
---------------+----------+-----
Stealth        | 5 |  5.1
Hexes          | 5 |  5.0
Short Blades   | 2 |  2.0
Dodging        | |  2.8
Spellcasting   | |  2.4

Action                   || total
-------------------------++-------
Melee: Dagger            ||    99
       Bite              ||     5
 Cast: Ensorcelled Hiber ||     6
  Use: Scroll            ||     2
 Stab: Sleeping          ||    12
Armor: Robe              ||    18
Dodge: Dodged            ||    60

Table legend: (Time is in decaauts)
 A = Elapsed time spent in this place.
 B = Non-inter-level travel time spent in this place.
 C = Inter-level travel time spent in this place.
 D = Time resting spent in this place.
 E = Time spent auto-exploring this place.
 F = Levels seen in this place.
 G = Mean time per level.
                   A        B        C        D        E       F      G
               +--------+--------+--------+--------+--------+-----+--------+
         Total |   1858 |   1679 |    179 |      0 |   1370 |   2 |  929.0 |
       Dungeon |   1858 |   1679 |    179 |      0 |   1370 |   2 |  929.0 |
               +--------+--------+--------+--------+--------+-----+--------+

Top non-repeatable levels by time:
     D:1: 1279 daAuts
     D:2: 579 daAuts
